cohdb
Replays
Latest Replays
All Replays
Popular Replays
Top Player Replays
Match Explorer
How It Works
Community
CoH3 Stats
Reddit
Sign in to upload your games and track your stats! →
Sign in with Steam
Match 47265143
Unlisted
Match 47265143
Overview
Messages
Build Orders
End
Kradschützen Motorcycle Team
Selects Italian Combined Arms Battlegroup
Selects Bersaglieri Squad
Bersaglieri Squad
Bersaglieri Squad
Construct Light Support Kompanie
MG34 Team
Fire Support Elements
Selects Bersaglieri Bolster
Flakvierling Half-track
2.5-tonne Medical Truck
le.IG 18 Support Gun Team
Selects Breda Model 30 Light Machine Guns
Construct Panzerarmee Kommand
Panzer III L Medium Tank
Tungsten Core Ammunition
Panzer III L Medium Tank
Selects Semovente da 75/18 Assault Gun
Selects Strafing Run
Strafing Run
Vehicle Survival Package
Strafing Run
Panzer III L Medium Tank
Emergency Repair Kits
Armored Reserves
Selects Artillery Cover
Tiger Heavy Tank
Panzerpioneer Squad
Walking Stuka Rocket Launcher
Panzerpioneer Squad
Artillery Cover
Walking Stuka Rocket Launcher
Strafing Run
Flak 36 Anti-tank Gun Team
Cpt. Colter Stevens
DreAm
Friend Simulator
Corrupted Sun
0
0
Comments
sign in to comment!
No comments posted yet!